[Event "*** SCC Grand Prix: Titled Tuesday Blitz"]
[Site "Chess.com"]
[Date "2020.09.08"]
[Round "5"]
[White "Andrii_Prydun"]
[Black "Love_craft"]
[Result "0-1"]
[WhiteElo "2407"]
[BlackElo "2594"]
[TimeControl "180+1"]
[EndTime "10:54:02 PDT"]
[Termination "Love_craft won on time"]

1. d4 Nf6 2. Nc3 g6 3. Bf4 d6 4. Qd2 Bg7 5. Bh6 O-O 6. Bxg7 Kxg7 7. O-O-O c6 8. a4 b5 9. axb5 cxb5 10. Nxb5 Nc6 11. d5 Ne5 12. Nd4 Nxd5 13. Nc6 Nxc6 14.
Qxd5 Qb6 15. e3 Rb8 16. b3 Be6 17. Qe4 Rfc8 18. Rd2 Bxb3 19. cxb3 Qxb3 20. Bc4 Ne5 0-1

[Event "*** SCC Grand Prix: Titled Tuesday Blitz"]
[Site "Chess.com"]
[Date "2020.09.08"]
[Round "5"]
[White "pitterson"]
[Black "MYMChessAcademy"]
[Result "1-0"]
[WhiteElo "2291"]
[BlackElo "2072"]
[TimeControl "180+1"]
[EndTime "10:54:08 PDT"]
[Termination "pitterson won by checkmate"]

1. d4 Nf6 2. c4 g6 3. Nc3 Bg7 4. e4 d6 5. Nf3 O-O 6. Be2 e5 7. O-O Nc6 8. d5 Ne7 9. Ne1 Nd7 10. f3 f5 11. g4 fxg4 12. fxg4 c6 13. Be3 Nb6 14.
Ng2 cxd5 15. cxd5 Bd7 16. Rc1 Na4 17. Nxa4 Qa5 18. Nc3 Kh8 19. Qe1 Ng8 20. Qh4 Bf6 21. Bg5 Bxg5 22. Qxg5 Qc5+ 23. Kh1 Rf2 24. Rxf2 Qxf2 25.
Rf1 Qc5 26. Nh4 Qc8 27. Rf7 Qd8 28. Nxg6+ hxg6 29. Qxg6 Qf6 30. Qh7# 1-0

[Event "*** SCC Grand Prix: Titled Tuesday Blitz"]
[Site "Chess.com"]
[Date "2020.09.08"]
[Round "5"]
[White "GasconJR"]
[Black "Rud_Makarian"]
[Result "1-0"]
[WhiteElo "2574"]
[BlackElo "2751"]
[TimeControl "180+1"]
[EndTime "10:54:27 PDT"]
[Termination "GasconJR won by checkmate"]

1. d4 e6 2. Bf4 Bd6 3. Bxd6 cxd6 4. e4 Nf6 5. Nc3 Qb6 6. a3 Nc6 7. Nf3 O-O 8. Be2 d5 9. exd5 Nxd5 10. Nxd5 exd5 11. O-O Qxb2 12. Qd3 Qb6 13. Ng5 g6 14. Qh3 h5 15. Bxh5 Qxd4 16. Bxg6 Qh8 17. Bh7+ Kg7 18.
Rae1 f6 19. Qh5 fxg5 20. Qg6# 1-0

[Event "*** SCC Grand Prix: Titled Tuesday Blitz"]
[Site "Chess.com"]
[Date "2020.09.08"]
[Round "5"]
[White "Maghalashvili"]
[Black "SamuelGhimpu2003"]
[Result "1-0"]
[WhiteElo "2739"]
[BlackElo "2506"]
[TimeControl "180+1"]
[EndTime "10:54:28 PDT"]
[Termination "Maghalashvili won by resignation"]

1. Nf3 Nf6 2. g3 e6 3. Bg2 d5 4. O-O Be7 5. c4 O-O 6. b3 c5 7.
cxd5 Nxd5 8. Bb2 Bf6 9. d4 Nc6 10. e4 Nb6 11. e5 Be7 12. dxc5 Bxc5 13. a3 Nd5 14. b4 Bb6 15. Nbd2 a6 16. Nc4 Bc7 17. Rc1 b5 18. Nd6 Bxd6 19. exd6 Qxd6 20. Ng5 Bb7 21. Qc2 g6 22. Ne4 Qe7 23. Rfd1 f5 24.
Nc5 Bc8 25. Rxd5 1-0

[Event "*** SCC Grand Prix: Titled Tuesday Blitz"]
[Site "Chess.com"]
[Date "2020.09.08"]
[Round "5"]
[White "Kazan28"]
[Black "NeverW84M8"]
[Result "1-0"]
[WhiteElo "2256"]
[BlackElo "2459"]
[TimeControl "180+1"]
[EndTime "10:54:28 PDT"]
[Termination "Kazan28 won by resignation"]

1. Nf3 Nf6 2. g3 g6 3. Bg2 Bg7 4. O-O O-O 5. d4 c5 6. c3 d6 7. dxc5 dxc5 8. Qxd8 Rxd8 9. Na3 Nc6 10. Nc4 Be6 11.
Nce5 Bd5 12. Be3 b6 13. Rfd1 Nxe5 14. Nxe5 Bxg2 15. Kxg2 Nd5 16. Nc6 Nxe3+ 17. fxe3 Rxd1 18. Rxd1 Bf6 19. Rd7 Kf8 20. Nxa7 Ke8 21. Rb7 Kd8 22. a3 h5 23. Kf3 Bg5 24. Ke4 f5+ 25. Kd5 Bxe3 26.
Nc6+ Kc8 27. Rxe7 Bc1 28. Kd6 1-0

[Event "*** SCC Grand Prix: Titled Tuesday Blitz"]
[Site "Chess.com"]
[Date "2020.09.08"]
[Round "5"]
[White "Goryachkina"]
[Black "talyamania"]
[Result "1-0"]
[WhiteElo "2595"]
[BlackElo "2337"]
[TimeControl "180+1"]
[EndTime "10:54:33 PDT"]
[Termination "Goryachkina won by resignation"]

1. e4 c5 2. Nf3 Nc6 3. Bb5 g6 4. Bxc6 dxc6 5. d3 Bg7 6. h3 Nf6 7. O-O O-O 8. Nc3 Qc7 9. Be3 Nd7 10. Qd2 e5 11. Bh6 f6 12. Nh2 Re8 13. Bxg7 Kxg7 14. f4 exf4 15. Rxf4 Ne5 16. Raf1 Rf8 17. Qf2 Qe7 18.
Nd1 Be6 19. b3 Rad8 20. Ne3 b6 21. Qg3 Kh8 22. Rxf6 Rxf6 23. Qxe5 Rf8 24. Nhg4 Kg7 25. Nxf6 Rxf6 26. Ng4 1-0

[Event "*** SCC Grand Prix: Titled Tuesday Blitz"]
[Site "Chess.com"]
[Date "2020.09.08"]
[Round "5"]
[White "MustafayevFarid2004"]
[Black "MikaelyanArman"]
[Result "0-1"]
[WhiteElo "2516"]
[BlackElo "2745"]
[TimeControl "180+1"]
[EndTime "10:54:35 PDT"]
[Termination "MikaelyanArman won by resignation"]

1. d4 d5 2. c4 c6 3. Nf3 Nf6 4.
g3 g6 5. Bg2 Bg7 6. cxd5 cxd5 7. O-O O-O 8. Nc3 e6 9. Bg5 h6 10. Bxf6 Bxf6 11. Rc1 Nc6 12. e3 Bd7 13. b3 Rc8 14.
Qd2 Qa5 15. Ne1 Be7 16. Nd3 Ba3 17. Rc2 Nb4 18. Nxb4 Bxb4 19. Rfc1 Rc6 20. Qd3 Ba3 21.
b4 Qxb4 22. Rb1 Qc4 23. Qd1 Qa6 24. Nb5 Rxc2 25. Qxc2 Bxb5 0-1

[Event "*** SCC Grand Prix: Titled Tuesday Blitz"]
[Site "Chess.com"]
[Date "2020.09.08"]
[Round "5"]
[White "Jungle_Jaguar"]
[Black "JoliyRoger"]
[Result "0-1"]
[WhiteElo "2670"]
[BlackElo "2419"]
[TimeControl "180+1"]
[EndTime "10:54:35 PDT"]
[Termination "JoliyRoger won by checkmate"]

1. e4 c6 2. d4 d5 3. e5 Bf5 4. h4 Qb6 5. g4 Bd7 6. Nc3 e6 7. f4 c5 8. Nf3 h5 9. gxh5 Nh6 10. Bh3 Nc6 11. Ne2 cxd4 12. Nfxd4 Nxd4 13. Nxd4 Be7 14. O-O Bxh4 15. c3 Be7 16. Qe2 Nf5 17. Bxf5 exf5 18. Be3 Qh6 19. Qg2 Qxh5 20. Qxd5 Qh2# 0-1

[Event "*** SCC Grand Prix: Titled Tuesday Blitz"]
[Site "Chess.com"]
[Date "2020.09.08"]
[Round "5"]
[White "awesomevishesh"]
[Black "Keithonsky"]
[Result "0-1"]
[WhiteElo "2390"]
[BlackElo "2562"]
[TimeControl "180+1"]
[EndTime "10:54:37 PDT"]
[Termination "Keithonsky won on time"]

1. e4 c5 2. Nf3 e6 3. g3 Nc6 4. Bg2 d6 5. O-O Nf6 6. Re1 Be7 7. c3 O-O 8. d4 cxd4 9. cxd4 d5 10. e5 Ne4 11. Nbd2 Nxd2 12. Bxd2 Bd7 13. Bf1 f6 14.
exf6 Bxf6 15. Bc3 Qb6 16. Bd3 Rae8 17. Kg2 Kh8 18. Bc2 Re7 19. Qd3 g6 20. a3 Bg7 21.
Re2 Ref7 22. Ng5 Re7 23. Rd1 e5 24. dxe5 d4 25. Nxh7 Bf5 26. Qd2 dxc3 27. Qxc3 Kxh7 0-1

[Event "*** SCC Grand Prix: Titled Tuesday Blitz"]
[Site "Chess.com"]
[Date "2020.09.08"]
[Round "5"]
[White "Deepweb2020"]
[Black "maxip32"]
[Result "0-1"]
[WhiteElo "2214"]
[BlackElo "2370"]
[TimeControl "180+1"]
[EndTime "10:54:37 PDT"]
[Termination "maxip32 won by resignation"]

1. d4 Nf6 2. c4 g6 3. Nf3 Bg7 4.
g3 O-O 5. Bg2 d6 6. O-O Nbd7 7.
Nc3 e5 8. e4 exd4 9. Nxd4 Nc5 10. Qc2 Re8 11. Re1 a5 12. Bg5 h6 13. Bd2 Ng4 14. Ndb5 c6 15. Na3 Bd4 16. Rf1 Qf6 17. Be1 h5 18. h3 h4 19. hxg4 hxg3 20. Qe2 Qh4 0-1

[Event "*** SCC Grand Prix: Titled Tuesday Blitz"]
[Site "Chess.com"]
[Date "2020.09.08"]
[Round "5"]
[White "lacafi"]
[Black "PavelChernomordik"]
[Result "0-1"]
[WhiteElo "2159"]
[BlackElo "2348"]
[TimeControl "180+1"]
[EndTime "10:54:37 PDT"]
[Termination "PavelChernomordik won on time"]

1. d4 g6 2. Nf3 Bg7 3. c4 d6 4.
Nc3 Nc6 5. e4 Bg4 6. Be3 Bxf3 7.
gxf3 e5 8. d5 Nd4 9. Be2 c5 10.
Qd2 Nf6 11. h4 Nh5 12. O-O-O a6 13. f4 Nxf4 14. Bxf4 exf4 15. Qxf4 h5 16. Kb1 b5 17. cxb5 axb5 18. Nxb5 Be5 19. Qd2 Nxe2 20. Qxe2 Qa5 21.
Qc4 O-O 22. Rh3 Rfb8 23. Rb3 Qxa2+ 24. Kc2 Ra4 25. Qf1 c4 0-1

[Event "*** SCC Grand Prix: Titled Tuesday Blitz"]
[Site "Chess.com"]
[Date "2020.09.08"]
[Round "5"]
[White "jefferyx"]
[Black "GukeshDommaraju"]
[Result "1-0"]
[WhiteElo "2928"]
[BlackElo "2763"]
[TimeControl "180+1"]
[EndTime "10:54:39 PDT"]
[Termination "jefferyx won by resignation"]

1. d4 d5 2. c4 e6 3. Nf3 Nf6 4. e3 b6 5. b3 Bb7 6. Bd3 Nbd7 7. O-O Bd6 8. cxd5 exd5 9. Ba3 Bxa3 10. Nxa3 O-O 11.
Rc1 c5 12. Nb5 Qe7 13. Re1 a6 14. Nc3 Rac8 15. Qd2 c4 16. Bf5 b5 17. bxc4 dxc4 18. e4 b4 19. Na4 Bxe4 20. Ng5 c3 21. Qf4 Nd5 22. Qxe4 Qxg5 23. Bxd7 Nf6 24. Qf5 Qxf5 25. Bxf5 Rcd8 26. Rcd1 Rd5 27. Bc2 Rfd8 28. Nc5 Rxd4 29. Rxd4 Rxd4 30. Rd1 Rxd1+ 31. Bxd1 a5 32. Nb7 Nd5 33.
Nxa5 Kf8 34. Bb3 Ne7 35. Kf1 1-0

[Event "*** SCC Grand Prix: Titled Tuesday Blitz"]
[Site "Chess.com"]
[Date "2020.09.08"]
[Round "5"]
[White "Chessdreamer2020"]
[Black "BJthechessgod"]
[Result "1-0"]
[WhiteElo "2372"]
[BlackElo "2219"]
[TimeControl "180+1"]
[EndTime "10:54:40 PDT"]
[Termination "Chessdreamer2020 won by checkmate"]

1. e4 c5 2. Nf3 Nc6 3. Bb5 g6 4. O-O Bg7 5. c3 Nf6 6. Qa4 O-O 7. d4 cxd4 8. cxd4 Nxe4 9. d5 Nc5 10. Qa3 Qb6 11. Nc3 Nd4 12. Nxd4 Bxd4 13. Bh6 Re8 14. Rad1 Bg7 15. Bxg7 Kxg7 16. Rfe1 a6 17. Bf1 d6 18. b4 Nd7 19. Ne4 Ne5 20. Qb2 Bf5 21. Kh1 Bxe4 22. Rxe4 Kg8 23. h4 Rac8 24. h5 f5 25. Rh4 g5 26. Rh3 Ng4 27. Kg1 Rc7 28. h6 Nf6 29.
Bd3 f4 30. Bf5 Rc4 31. Be6+ Kf8 32. a3 a5 33. Rh5 g4 34. Rg5 Re4 35. Rg8+ Nxg8 36.
Qg7# 1-0

[Event "*** SCC Grand Prix: Titled Tuesday Blitz"]
[Site "Chess.com"]
[Date "2020.09.08"]
[Round "5"]
[White "Izoria123"]
[Black "CHESSMASTER759"]
[Result "1-0"]
[WhiteElo "2884"]
[BlackElo "2619"]
[TimeControl "180+1"]
[EndTime "10:54:41 PDT"]
[Termination "Izoria123 won by resignation"]

1. Nf3 Nf6 2. c4 e6 3. Nc3 d5 4. e3 Be7 5. b3 O-O 6. Bb2 b6 7. g3 Bb7 8. Bg2 Nbd7 9. O-O c5 10. Qe2 Rc8 11. d3 Re8 12. Nh4 Bf8 13. f4 Qc7 14. e4 dxc4 15. bxc4 Nb8 16. e5 Bxg2 17.
Qxg2 Nfd7 18. Ne4 Nc6 19. Rae1 Be7 20. Nf3 g6 21. g4 Red8 22. Re3 Nd4 23. h4 Nxf3+ 24.
Rexf3 Bf8 25. h5 b5 26. hxg6 hxg6 27. f5 bxc4 28. fxe6 fxe6 29. Rf7 Bg7 30. Ng5 Re8 31. Qh3 1-0

[Event "*** SCC Grand Prix: Titled Tuesday Blitz"]
[Site "Chess.com"]
[Date "2020.09.08"]
[Round "5"]
[White "HouseOfDurin"]
[Black "indfraeng"]
[Result "0-1"]
[WhiteElo "2116"]
[BlackElo "2336"]
[TimeControl "180+1"]
[EndTime "10:54:41 PDT"]
[Termination "indfraeng won by resignation"]

1. d4 d5 2. Bg5 c5 3. c3 Nc6 4. e3 f6 5. Bh4 Be6 6. Bb5 Bf7 7. Bxc6+ bxc6 8. dxc5 e5 9. b4 Nh6 10. Nf3 Nf5 11.
Bg3 Bh5 12. Qa4 Qd7 13. Nbd2 Be7 14. Bxe5 fxe5 15. Nxe5 Qc7 16. Nxc6 O-O 17. g4 Bxg4 18. Nxe7+ Qxe7 19. Rg1 Nxe3 20. Rxg4 Nxg4+ 21. Kd1 Rxf2 22. Qc6 Qe2+ 0-1

[Event "*** SCC Grand Prix: Titled Tuesday Blitz"]
[Site "Chess.com"]
[Date "2020.09.08"]
[Round "5"]
[White "DrMamaliga"]
[Black "reniite"]
[Result "1-0"]
[WhiteElo "2195"]
[BlackElo "1894"]
[TimeControl "180+1"]
[EndTime "10:54:42 PDT"]
[Termination "DrMamaliga won by resignation"]

1. e4 e5 2. Nf3 Nc6 3. Bb5 a6 4.
Ba4 Nf6 5. O-O Be7 6. Re1 b5 7.
Bb3 d6 8. c3 Bg4 9. h3 Bh5 10. d3 Na5 11. Bc2 c5 12. Be3 O-O 13.
Nbd2 Rc8 14. Qb1 Nc6 15. a4 d5 16. exd5 Nxd5 17. axb5 axb5 18. Ra6 Bg6 19. Ne4 c4 20. d4 Nxe3 21. fxe3 exd4 22. exd4 Bf6 23. Nxf6+ gxf6 24. Bf5 Kg7 25. Bxc8 Qxc8 26. Qa2 Qb7 27. Qa3 Ne7 28. Ra7 Qd5 1-0

[Event "*** SCC Grand Prix: Titled Tuesday Blitz"]
[Site "Chess.com"]
[Date "2020.09.08"]
[Round "5"]
[White "chesslh19"]
[Black "romulocardoso"]
[Result "1-0"]
[WhiteElo "2208"]
[BlackElo "2030"]
[TimeControl "180+1"]
[EndTime "10:54:47 PDT"]
[Termination "chesslh19 won by resignation"]

1. e4 c5 2. Nf3 d6 3. d4 cxd4 4. Nxd4 Nf6 5. Nc3 g6 6. Be3 Bg7 7. f3 O-O 8. Qd2 Nc6 9. O-O-O Bd7 10. g4 Rc8 11. h4 h5 12. gxh5 Nxh5 13. Rg1 Ne5 14.
Bh6 Nc4 15. Bxc4 Rxc4 16. Bxg7 Kxg7 17. Rg5 Rc5 18. Rxc5 dxc5 19. Nde2 e6 20. Qxd7 Qxh4 21. Kb1 Qf2 22. Qd2 Qxf3 23. a3 f5 24. exf5 exf5 25. Nc1 f4 26. Nd3 g5 27. Nxc5 g4 28. Ne6+ Kf7 29. Ng5+ Kg6 30. Nxf3 gxf3 31. Qd3+ Kg5 32. Qxf3 Re8 33. Rd5+ Kf6 34. Qxh5 Re1+ 35. Ka2 Re3 36.
Qf5+ Ke7 37. Re5+ 1-0

[Event "*** SCC Grand Prix: Titled Tuesday Blitz"]
[Site "Chess.com"]
[Date "2020.09.08"]
[Round "5"]
[White "barbosean"]
[Black "MFBerna"]
[Result "0-1"]
[WhiteElo "2298"]
[BlackElo "2457"]
[TimeControl "180+1"]
[EndTime "10:54:49 PDT"]
[Termination "MFBerna won by resignation"]

1. e4 c6 2. d4 d5 3. exd5 cxd5 4. c4 Nf6 5. Nc3 Nc6 6. Bg5 e6 7. Nf3 Be7 8. Bd3 O-O 9. O-O b6 10. Ne5 Bb7 11. Qf3 dxc4 12. Nxc6 Bxc6 13. Qxc6 cxd3 14. Rad1 Qxd4 15. Qf3 Rfd8 16. Rfe1 Rac8 17. Re3 d2 18. Re2 Qd3 19. Qxd3 Rxd3 20. Rexd2 Rxd2 21. Rxd2 Ne4 0-1

[Event "*** SCC Grand Prix: Titled Tuesday Blitz"]
[Site "Chess.com"]
[Date "2020.09.08"]
[Round "5"]
[White "Ole83"]
[Black "gumimis"]
[Result "1-0"]
[WhiteElo "2356"]
[BlackElo "2201"]
[TimeControl "180+1"]
[EndTime "10:54:49 PDT"]
[Termination "Ole83 won by checkmate"]

1. c4 e5 2. Nc3 Nf6 3. Nf3 Nc6 4. g3 d5 5. cxd5 Nxd5 6. Bg2 Nb6 7. a3 Be7 8. b4 a6 9. Bb2 O-O 10. Rc1 Re8 11. O-O Bf8 12. d3 Nd4 13. Ne4 Be6 14.
e3 Nxf3+ 15. Bxf3 f6 16. Nc5 Bxc5 17. Rxc5 c6 18. d4 Bh3 19. Qb3+ Kh8 20. dxe5 Bxf1 21. exf6 gxf6 22. Kxf1 Nd5 23. Bxd5 cxd5 24. Rxd5 Qe7 25.
Rd7 Qe6 26. Qd3 Rf8 27. Qxh7# 1-0

[Event "*** SCC Grand Prix: Titled Tuesday Blitz"]
[Site "Chess.com"]
[Date "2020.09.08"]
[Round "5"]
[White "Zemerovv"]
[Black "Barmen_EV"]
[Result "1-0"]
[WhiteElo "2320"]
[BlackElo "2431"]
[TimeControl "180+1"]
[EndTime "10:54:51 PDT"]
[Termination "Zemerovv won by checkmate"]

1. Nf3 d5 2. g3 c5 3. Bg2 Nf6 4. d3 Nc6 5. O-O e5 6. e4 d4 7.
a4 Bd6 8. Nbd2 O-O 9. Nc4 Bc7 10.
Nh4 Be6 11. b3 a6 12. Qe1 b5 13. axb5 axb5 14. Rxa8 Qxa8 15. Nd2 Ba5 16. f4 Ng4 17. Qe2 Ne3 18. f5 Nxf1 19. Nxf1 Bd7 20. f6 gxf6 21.
Bh6 Re8 22. Qh5 Ne7 23. Qf3 Ng6 24. Qxf6 Nxh4 25. Qg7# 1-0

[Event "*** SCC Grand Prix: Titled Tuesday Blitz"]
[Site "Chess.com"]
[Date "2020.09.08"]
[Round "5"]
[White "blitis"]
[Black "GaboSalazar2001"]
[Result "1-0"]
[WhiteElo "2510"]
[BlackElo "2342"]
[TimeControl "180+1"]
[EndTime "10:54:52 PDT"]
[Termination "blitis won by resignation"]

1. e4 c5 2. Nf3 d6 3. d4 cxd4 4. Nxd4 Nf6 5. f3 e5 6. Bb5+ Bd7 7. Bxd7+ Qxd7 8. Nf5 d5 9. Bg5 dxe4 10. Bxf6 gxf6 11. Qxd7+ Nxd7 12. fxe4 Nc5 13. Nc3 O-O-O 14. Ke2 Rg8 15. g3 Ne6 16. Nd5 Rg6 17. c3 Bc5 18. Nfe7+ Bxe7 19.
Nxe7+ Kc7 20. Nxg6 fxg6 21. Rad1 Rf8 22. Rhf1 Ng5 23.
Ke3 h5 24. Rd5 Rf7 25. h4 Ne6 26. Rxe5 Kd6 27. Rd5+ Ke7 28. a4 Nc7 29. Rd2 f5 30. Rfd1 Kf6 31. Rd6+ Ke5 32. Rd7 Rxd7 33. Rxd7 1-0

[Event "*** SCC Grand Prix: Titled Tuesday Blitz"]
[Site "Chess.com"]
[Date "2020.09.08"]
[Round "5"]
[White "pastouche06"]
[Black "Ural_bogatyr"]
[Result "1/2-1/2"]
[WhiteElo "2497"]
[BlackElo "2349"]
[TimeControl "180+1"]
[EndTime "10:54:52 PDT"]
[Termination "Game drawn by repetition"]

1. d4 Nf6 2. c4 e5 3. dxe5 Ng4 4. e3 Nxe5 5. Nh3 d5 6. cxd5 Bxh3 7. gxh3 Bd6 8. Nc3 Qh4 9. Qa4+ Qxa4 10. Nxa4 Nbd7 11.
f4 Ng6 12. Bd3 Nf6 13. Nc3 O-O-O 14. Kf2 Bc5 15. Rd1 Kb8 16. Bc2 Rhe8 17. Kf3 Nh4+ 18.
Kg3 Ng6 19. e4 Bb4 20. Kf3 Nh4+ 21. Kg3 Ng6 22. Kf3 Nh4+ 23. Kg3 Ng6 1/2-1/2

[Event "*** SCC Grand Prix: Titled Tuesday Blitz"]
[Site "Chess.com"]
[Date "2020.09.08"]
[Round "5"]
[White "Guenplen"]
[Black "Arjun2002"]
[Result "1/2-1/2"]
[WhiteElo "2899"]
[BlackElo "2729"]
[TimeControl "180+1"]
[EndTime "10:54:55 PDT"]
[Termination "Game drawn by repetition"]

1. d4 d5 2. Nf3 Nf6 3. Bf4 c5 4. e3 Nc6 5. Nbd2 cxd4 6. exd4 Qb6 7. Nb3 Bg4 8. Be2 e6 9. O-O Be7 10. a4 a6 11. a5 Qd8 12. c3 O-O 13. h3 Bh5 14.
Ne1 Bxe2 15. Qxe2 h6 16. Nd3 Nd7 17. Rfe1 b6 18. axb6 Qxb6 19. Nd2 a5 20. Nf3 a4 21. Nfe5 Ndxe5 22. Nxe5 Nxe5 23. Bxe5 Bd6 24. Bxd6 Qxd6 25.
Ra3 Rfb8 26. Rea1 Qb6 27. R1a2 Qb5 28. Qc2 Ra7 29. h4 Rba8 30. h5 Qb7 31. Rxa4 Rxa4 32.
Rxa4 Rxa4 33. Qxa4 Qxb2 34. Qe8+ Kh7 35. Qxf7 Qxc3 36. Qg6+ Kh8 37. Qe8+ Kh7 38. Qg6+ Kh8 39. Qe8+ Kh7 40. Qg6+ 1/2-1/2

[Event "*** SCC Grand Prix: Titled Tuesday Blitz"]
[Site "Chess.com"]
[Date "2020.09.08"]
[Round "5"]
[White "dretch"]
[Black "suyu28"]
[Result "1-0"]
[WhiteElo "2780"]
[BlackElo "2564"]
[TimeControl "180+1"]
[EndTime "10:54:55 PDT"]
[Termination "dretch won by resignation"]

1. d4 d5 2. c4 c6 3. Nc3 Nf6 4. e3 e6 5. b3 c5 6. Nf3 cxd4 7. exd4 Nc6 8. c5 Bd7 9. Bb5 Be7 10. O-O O-O 11.
Be3 Ne4 12. Rc1 Nxc3 13. Rxc3 Qa5 14. Bxc6 Bxc6 15. Qc2 Rfc8 16. Rb1 Qb5 17. Ng5 Bxg5 18. Bxg5 f6 19. Rh3 f5 20. a4 Qb4 21. Qe2 Qxd4 22. Qxe6+ Kh8 23. Qg6 Kg8 24. Qxh7+ Kf7 25. Qxf5+ 1-0

[Event "*** SCC Grand Prix: Titled Tuesday Blitz"]
[Site "Chess.com"]
[Date "2020.09.08"]
[Round "5"]
[White "frederiksvane"]
[Black "GelmanAlexander"]
[Result "1-0"]
[WhiteElo "2686"]
[BlackElo "2507"]
[TimeControl "180+1"]
[EndTime "10:54:55 PDT"]
[Termination "frederiksvane won by resignation"]

1. e4 c5 2. Nf3 e6 3. d4 cxd4 4. Nxd4 d6 5. Nc3 a6 6. g3 Nf6 7. Bg2 Nbd7 8. O-O Be7 9. a4 Qc7 10. Be3 O-O 11. Qe2 Ne5 12. Rad1 Bd7 13. f4 Ng6 14. Kh1 Rac8 15. f5 Ne5 16. fxe6 fxe6 17.
Bh3 Qc4 18. Qxc4 Nxc4 19. Bc1 e5 20. Bxd7 Nxd7 21. Nd5 Bd8 22. Nf5 Rf7 23. b3 Ncb6 24. c4 Nxd5 25. Rxd5 Nf6 26. Nxd6 Nxd5 27. Rxf7 Rb8 28.
exd5 1-0

[Event "*** SCC Grand Prix: Titled Tuesday Blitz"]
[Site "Chess.com"]
[Date "2020.09.08"]
[Round "5"]
[White "uthoang"]
[Black "DvaHrasta"]
[Result "0-1"]
[WhiteElo "2263"]
[BlackElo "2480"]
[TimeControl "180+1"]
[EndTime "10:54:55 PDT"]
[Termination "DvaHrasta won by resignation"]

1. d4 Nf6 2. Nf3 e6 3. g3 b5 4. Bg2 Bb7 5. O-O Be7 6. b3 b4 7. Bb2 O-O 8. c4 bxc3 9. Nxc3 a5 10. e3 Na6 11. Rc1 c5 12. dxc5 Nxc5 13. Nd4 Bxg2 14. Kxg2 Qb8 15. Nce2 a4 16. Bc3 Qb7+ 17. Kg1 axb3 18.
axb3 Rfb8 19. b4 Nce4 20. b5 e5 21. Nf5 Ba3 22. Rb1 Ng5 23. Ne7+ Bxe7 24. f3 Nxf3+ 25. Rxf3 Qxf3 26. Qf1 Qxe3+ 27. Kg2 Ra2 28. Re1 Qxc3 29. Qf3 Qxe1 0-1

[Event "*** SCC Grand Prix: Titled Tuesday Blitz"]
[Site "Chess.com"]
[Date "2020.09.08"]
[Round "5"]
[White "Mikhail_Golubev"]
[Black "davigator"]
[Result "0-1"]
[WhiteElo "2585"]
[BlackElo "2359"]
[TimeControl "180+1"]
[EndTime "10:54:57 PDT"]
[Termination "davigator won on time"]

1. e4 c5 2. Nf3 Nc6 3. d4 cxd4 4. Nxd4 Nf6 5. Nc3 d6 6. Bc4 Bd7 7. Bb3 a6 8. Be3 Rc8 9. f3 e6 10. g4 Na5 11. g5 Nh5 12. f4 g6 13. f5 Nc4 14. fxe6 fxe6 15. Qe2 b5 16. O-O-O Qc7 17. Rhf1 Be7 18. Bxc4 Qxc4 19. Qd2 b4 20. Nb1 e5 21. Nb3 Be6 22. Na5 Qb5 23. Nb3 a5 24. Qd3 Bc4 25. Qd2 Bxf1 26. Nxa5 Bh3 27. Nb3 Be6 0-1

[Event "*** SCC Grand Prix: Titled Tuesday Blitz"]
[Site "Chess.com"]
[Date "2020.09.08"]
[Round "5"]
[White "Godzillator"]
[Black "willc-h99"]
[Result "0-1"]
[WhiteElo "2252"]
[BlackElo "2431"]
[TimeControl "180+1"]
[EndTime "10:55:04 PDT"]
[Termination "willc-h99 won on time"]

1. d4 Nf6 2. c4 e6 3. Nc3 Bb4 4. Qc2 c5 5. dxc5 Bxc5 6. Nf3 Qb6 7. e3 Qc7 8. b3 a6 9. Bb2 b6 10. Bd3 Bb7 11. O-O Be7 12. Rac1 d6 13. Rfd1 Nbd7 14. Ne4 Nxe4 15. Bxe4 Nf6 16. Bxb7 Qxb7 17. h3 Rd8 18. Rd2 O-O 19. Rcd1 Qc7 20. Ng5 h6 21. Bxf6 hxg5 22. Bxe7 Qxe7 23. Qe4 Qf6 24. Qc6 b5 25. cxb5 axb5 26.
Qxb5 d5 27. Rc2 Rb8 28. Qe2 Rb4 29. Rdc1 g4 0-1

[Event "*** SCC Grand Prix: Titled Tuesday Blitz"]
[Site "Chess.com"]
[Date "2020.09.08"]
[Round "5"]
[White "Morshynska"]
[Black "ClydeHillKid"]
[Result "0-1"]
[WhiteElo "2164"]
[BlackElo "2349"]
[TimeControl "180+1"]
[EndTime "10:55:04 PDT"]
[Termination "ClydeHillKid won by resignation"]

1. e4 e6 2. d4 d5 3. Nd2 Nf6 4. e5 Nfd7 5. Bd3 c5 6. c3 Nc6 7. Ne2 Qb6 8. Nf3 cxd4 9. cxd4 f6 10. exf6 Nxf6 11. O-O Bd6 12. b3 e5 13. dxe5 Nxe5 14. Ned4 O-O 15. h3 Ne4 16. Bb2 Bd7 17. Rc1 Rae8 18. Bb1 Bc6 19. Qc2 Nxf3+ 20. Nxf3 Re6 21. Nd4 Rg6 22. Nxc6 bxc6 23. Rcd1 Bc5 24. Kh2 Bxf2 25. Qe2 Qc7+ 0-1

[Event "*** SCC Grand Prix: Titled Tuesday Blitz"]
[Site "Chess.com"]
[Date "2020.09.08"]
[Round "5"]
[White "Sanyura"]
[Black "garicradomir"]
[Result "1-0"]
[WhiteElo "2549"]
[BlackElo "2370"]
[TimeControl "180+1"]
[EndTime "10:55:06 PDT"]
[Termination "Sanyura won by resignation"]

1. e4 g6 2. d4 Nf6 3. Bd3 d6 4. c3 Bg7 5. Nf3 O-O 6. O-O Nc6 7. Bg5 e5 8. Na3 h6 9. Bh4 Bg4 10. Nc2 Re8 11. h3 Bd7 12. Re1 a5 13. Qd2 a4 14.
Re2 Qe7 15. Rae1 Nd8 16. Bxf6 Qxf6 17. Ne3 Be6 18. Nd5 Bxd5 19. exd5 b6 20. dxe5 dxe5 21. Nxe5 Nb7 22. Ng4 1-0

[Event "*** SCC Grand Prix: Titled Tuesday Blitz"]
[Site "Chess.com"]
[Date "2020.09.08"]
[Round "5"]
[White "earling8018"]
[Black "Nikithebest"]
[Result "0-1"]
[WhiteElo "2047"]
[BlackElo "2447"]
[TimeControl "180+1"]
[EndTime "10:55:06 PDT"]
[Termination "Nikithebest won by resignation"]

1. d4 Nf6 2. c4 c5 3. Nf3 cxd4 4. Nxd4 e5 5. Nb5 d5 6. cxd5 Bc5 7. N5c3 O-O 8. e3 Re8 9. Qb3 e4 10. Na3 Nbd7 11.
Nc2 Ne5 12. Be2 Bg4 13. Bb5 Re7 14. a4 a6 15. Bf1 Rc8 16. h3 Bf5 17. Bd2 Nd3+ 18. Bxd3 exd3 19. Na3 Ne4 20. Nxe4 Bxe4 21. O-O Bxd5 22. Qxd3 Rd7 23. Qf5 Be6 0-1

[Event "*** SCC Grand Prix: Titled Tuesday Blitz"]
[Site "Chess.com"]
[Date "2020.09.08"]
[Round "5"]
[White "Sacbutt"]
[Black "AntonovaNadezhda"]
[Result "1-0"]
[WhiteElo "2218"]
[BlackElo "2044"]
[TimeControl "180+1"]
[EndTime "10:55:08 PDT"]
[Termination "Sacbutt won by resignation"]

1. e4 c5 2. Nf3 d6 3. d4 cxd4 4. Nxd4 Nf6 5. Nc3 a6 6. Bg5 e6 7. f4 Be7 8. Qf3 O-O 9. O-O-O Qc7 10. g4 Nc6 11. Nde2 b5 12. Bxf6 Bxf6 13. g5 Bxc3 14. Nxc3 b4 15. Ne2 Bb7 16. h4 Rfc8 17. Rd2 Na5 18. Nd4 Nc6 19. Nxc6 Qxc6 20. Bd3 a5 21. h5 d5 22. exd5 exd5 23. g6 d4 24. gxh7+ Kh8 25. Qxc6 Bxc6 26. Re1 Re8 27. Rde2 f6 28. Bg6 Red8 29.
Re7 a4 30. Rc7 b3 31. axb3 axb3 32. Rxc6 bxc2 33. Kxc2 d3+ 34. Bxd3 1-0